[Event "Early-Titled-Tuesday-Blitz-January-16-2024"]
[Site "Chess.com"]
[Date "2024.01.16"]
[Round "2"]
[White "wadsy27"]
[Black "Njal28"]
[Result "0-1"]
[WhiteElo "2641"]
[BlackElo "3029"]
[TimeControl "180+1"]
[EndTime "8:19:14 PST"]
[Termination "Njal28 won on time"]

1. Nf3 d5 2. g3 g6 3. Bg2 Bg7 4.
d4 Nf6 5. O-O O-O 6. c3 c6 7.
Nbd2 Nbd7 8. Re1 c5 9. e4 dxe4 10. Nxe4 Nxe4 11. Rxe4 cxd4 12. Nxd4 Nc5 13. Re1 e5 14.
Nb3 Nd3 15. Rf1 Nxc1 16. Qxc1 Qc7 17. Qe3 Bf5 18. Rad1 Rfe8 19. Qc5 Qxc5 20. Nxc5 e4 21. Rfe1 Re7 22. Nxe4 Rae8 23. f3 Be6 24. Nc5 Bf8 25. Nxe6 Rxe6 26. Rxe6 Rxe6 27. f4 Re2 28. Bxb7 Rxb2 29.
Rd7 Rxa2 30. Bd5 Bc5+ 31. Kh1 Ra1+ 32. Kg2 a5 33. Rxf7 Kh8 34. h4 Rd1 35. Rd7 h5 36. Kf3 Rd3+ 37. Kg2 Rd2+ 38. Kf3 Rd3+ 39. Kg2 a4 40.
Be6 Rxc3 41. Bf7 Rc2+ 42. Kf3 Rc3+ 43. Ke4 Rxg3 44. Be6 a3 45. f5 gxf5+ 46. Kxf5 Bb4 47. Rb7 Bc3 48. Bd5 Bb2 49. Rb8+ Kh7 50. Rb7+ Kh6 51. Rb6+ Kh7 52. Rb7+ Rg7 53. Rxg7+ Kxg7 54. Ba2 Bf6 55. Kf4 Bxh4 0-1

[Event "Early-Titled-Tuesday-Blitz-January-16-2024"]
[Site "Chess.com"]
[Date "2024.01.16"]
[Round "2"]
[White "chessdjw"]
[Black "ylr5000"]
[Result "0-1"]
[WhiteElo "2730"]
[BlackElo "2443"]
[TimeControl "180+1"]
[EndTime "8:19:14 PST"]
[Termination "ylr5000 won on time"]

1. e4 c5 2. Nf3 d6 3. Bb5+ Bd7 4. c4 Nf6 5. Nc3 g6 6. d4 cxd4 7. Nxd4 Bg7 8. Be3 O-O 9. Bxd7 Qxd7 10. h3 Nc6 11.
O-O Rac8 12. Rc1 Rfd8 13. b3 e6 14. Qe2 d5 15. cxd5 exd5 16. Nxc6 bxc6 17. e5 Ne8 18. Bg5 f6 19. e6 Qe7 20. Bf4 Nc7 21. Rfe1 Re8 22.
Bxc7 Rxc7 23. Qa6 f5 24. Na4 Qd6 25. Nc5 Bd4 26. Nb7 Qb4 27. Na5 Bb6 28. Nxc6 Rxc6 29.
Qd3 Rxc1 30. Rxc1 Qd4 31. Qe2 Qe4 32. Qb5 Qxe6 33. Rd1 Rd8 34. a4 Qd7 35. Qa6 Qc6 36. Kh1 Qc2 37. Rf1 Qxb3 38. a5 Qa3 39. Qe2 Bxa5 40.
Qe6+ Kg7 41. Qe5+ Kf7 42. Rb1 Qe7 43. Qd4 Bb6 44. Qa4 Kg7 45. Rd1 Qf6 46. Qa2 d4 47. Qe2 h5 48. Qd3 h4 49. Re1 Qf7 50. Qa3 Rd7 51.
Qd3 Qd5 52. Rd1 Qe4 53. Qc4 d3 54. Qc3+ Qd4 55. Qd2 Qxf2 56. Qg5 d2 57. Kh2 Bc7+ 58. Kh1 Qe1+ 0-1

[Event "Early-Titled-Tuesday-Blitz-January-16-2024"]
[Site "Chess.com"]
[Date "2024.01.16"]
[Round "2"]
[White "RichardLeyvaP"]
[Black "alvarorodriguezavila"]
[Result "0-1"]
[WhiteElo "2528"]
[BlackElo "2326"]
[TimeControl "180+1"]
[EndTime "8:19:14 PST"]
[Termination "alvarorodriguezavila won on time"]

1. e4 c5 2. Nf3 g6 3. d4 cxd4 4. Nxd4 Bg7 5. Nc3 Nc6 6. Nb3 Nf6 7. Be2 O-O 8. O-O d6 9. Re1 Be6 10. Bf1 a5 11. a4 Rc8 12. Nd5 Bxd5 13. exd5 Nb4 14. c4 Nd7 15. Nd4 Bxd4 16. Qxd4 Nc2 17. Qc3 Nxa1 18. Bh6 Nf6 19. Bxf8 Kxf8 20. Rxa1 Qb6 21.
Qd2 Kg7 22. Re1 Rc7 23. Re3 Qb4 24. Qxb4 axb4 25. Rb3 Nd7 26. Rxb4 Nc5 27. a5 Kf6 28. f4 Kf5 29. g3 Ke4 30. Kf2 Kd4 31. Rb6 Ne4+ 32. Ke1 Ke3 33. Rb3+ Kd4 34. Rb6 Nc5 35. Kd2 Nd7 36. Rb5 Nc5 37. Rb6 Nd7 38. Rb3 Nc5 39. Re3 Rd7 40. b4 Ne4+ 41. Ke2 f5 42. Rb3 Rc7 43. Ke1 Nc3 44. Ra3 Ne4 45. Ra1 Kc3 46.
b5 Kb4 47. a6 bxa6 48. Rxa6 Nc5 49. Ra1 Rb7 50. Kd2 Nb3+ 51. Ke3 Nxa1 52. g4 fxg4 0-1

[Event "Early-Titled-Tuesday-Blitz-January-16-2024"]
[Site "Chess.com"]
[Date "2024.01.16"]
[Round "2"]
[White "hawes33"]
[Black "UNSTOPPABLE_LEGEND"]
[Result "0-1"]
[WhiteElo "2250"]
[BlackElo "2513"]
[TimeControl "180+1"]
[EndTime "8:19:14 PST"]
[Termination "UNSTOPPABLE_LEGEND won on time"]

1. e4 c5 2. Nc3 d6 3. g3 g6 4. Bg2 Bg7 5. d3 Nf6 6. Be3 Nc6 7. h3 Rb8 8. Qd2 b5 9. f4 Bd7 10. Nf3 b4 11. Ne2 a5 12. O-O O-O 13. c3 a4 14.
g4 a3 15. bxa3 bxc3 16. Nxc3 Qa5 17. Rac1 Qxa3 18. g5 Nh5 19. Nd5 Rb2 20. Rc2 Rxc2 21. Qxc2 Rb8 22. Rb1 Rxb1+ 23. Qxb1 Qa7 24. Qb3 e6 25.
Nb6 Be8 26. Nc4 Qc7 27. Qb6 Qxb6 28. Nxb6 Nb4 29. a4 Nxd3 30. a5 Nb4 31. Bf1 Bc6 32. a6 Nc2 33. Kf2 Ng3 34. Kxg3 Nxe3 35. Bd3 c4 36.
Nxc4 Nxc4 37. Bxc4 Bxe4 38. Nd2 Bc6 39. a7 Bd4 40. Nb3 Bxa7 41. Na5 Be4 42. Nb3 Be3 43. Bb5 Bc2 44. Na5 Kg7 45. Nc6 h6 46. h4 hxg5 47.
hxg5 Bd1 48. Ne7 d5 49. Nc6 Bh5 50. Ne5 Bd4 0-1

[Event "Early-Titled-Tuesday-Blitz-January-16-2024"]
[Site "Chess.com"]
[Date "2024.01.16"]
[Round "2"]
[White "Chiquitita23"]
[Black "Kotofeyca"]
[Result "1-0"]
[WhiteElo "2204"]
[BlackElo "2447"]
[TimeControl "180+1"]
[EndTime "8:19:14 PST"]
[Termination "Chiquitita23 won on time"]

1. e4 c5 2. Nf3 d6 3. Nc3 a6 4. g3 g6 5. Bg2 Bg7 6. O-O Nc6 7.
Re1 Bg4 8. h3 Bxf3 9. Bxf3 e6 10.
Ne2 Nge7 11. c3 d5 12. exd5 Nxd5 13. d4 cxd4 14. Nxd4 Nxd4 15. cxd4 O-O 16. Be3 Qb6 17. Qd2 Rfd8 18. Rad1 Rac8 19. a3 Qb3 20. Be4 Rd7 21. Qd3 Qxb2 22. Bxd5 exd5 23. Rb1 Qa2 24. Re2 Qc4 25. Rc1 Qxc1+ 26. Bxc1 Rxc1+ 27. Kg2 Rc8 28. h4 h5 29. a4 Bf6 30. a5 Rc4 31. Re8+ Kg7 32.
Qf3 Rxd4 33. Qe3 Rc4 34. Qb6 d4 35. Qb3 Rc6 36. Qa3 Be7 37. Rxe7 Rcc7 38. Rxd7 Rxd7 39. Qd3 Kf6 40. Kf3 Ke5 41. Ke2 Kd5 42. f4 Rc7 43. Qf3+ Kc4 44. Qd3+ Kd5 45. Kd2 Rc3 46. Qe2 Kc5 47. Qe5+ Kc4 48. Qc7+ Kd5 49. Qxf7+ Ke4 50.
Qxg6+ Kf3 51. Qxh5+ Kxg3 52. Qg5+ Kf3 53. Qf6 Rc4 54.
Qe6 1-0

[Event "Early-Titled-Tuesday-Blitz-January-16-2024"]
[Site "Chess.com"]
[Date "2024.01.16"]
[Round "2"]
[White "czasnaszachy"]
[Black "temiksmozg"]
[Result "0-1"]
[WhiteElo "2368"]
[BlackElo "2629"]
[TimeControl "180+1"]
[EndTime "8:19:15 PST"]
[Termination "temiksmozg won on time"]

1. d4 d5 2. c4 c6 3. Nf3 e6 4. Bg5 Nf6 5. e3 h6 6. Bh4 Nbd7 7. Nbd2 Be7 8. Bd3 O-O 9. O-O b6 10. Rc1 Bb7 11. Qe2 c5 12. Rfd1 Rc8 13. cxd5 Nxd5 14.
Bxe7 Qxe7 15. Ba6 Bxa6 16. Qxa6 Rc7 17. a3 Rfc8 18. h3 Qf8 19. Ne4 cxd4 20. Rxc7 Rxc7 21. Nxd4 Qc8 22. Qxc8+ Rxc8 23. Nd6 Rc5 24. Ne4 Rc8 25. Nd6 Rb8 26. Rc1 Kf8 27. e4 N5f6 28.
f3 Ne8 29. Nxe8 Kxe8 30. Rc7 a6 31. Nc6 Ra8 32. Kf2 a5 33. h4 Nc5 34. Ke3 Na4 35. Ne5 Nxb2 36. Nxf7 Nc4+ 37. Kf4 Nxa3 38. Ke5 Nb5 39. Rb7 a4 40. Kxe6 a3 41. Ne5 a2 42.
Rxg7 Nd4+ 43. Kf6 Ne6 44. Kxe6 Kf8 45. Rf7+ Kg8 0-1

[Event "Early-Titled-Tuesday-Blitz-January-16-2024"]
[Site "Chess.com"]
[Date "2024.01.16"]
[Round "2"]
[White "FMVolodymyrSakun"]
[Black "IngOscarArdila"]
[Result "0-1"]
[WhiteElo "2579"]
[BlackElo "2365"]
[TimeControl "180+1"]
[EndTime "8:19:15 PST"]
[Termination "IngOscarArdila won by resignation"]

1. e4 e5 2. Nf3 Nf6 3. Nc3 Nc6 4. Bc4 Bb4 5. d3 d6 6. h3 O-O 7. O-O a6 8. Nd5 Nxd5 9. exd5 Ne7 10. d4 exd4 11.
Nxd4 Nf5 12. c3 Bc5 13. Nxf5 Bxf5 14. Qf3 Bg6 15. b4 Bb6 16. Be3 Bxe3 17. Qxe3 Re8 18. Qf3 Qh4 19. Bd3 Bxd3 20. Qxd3 Re5 21. Rae1 Rae8 22.
Rxe5 Rxe5 23. c4 Qe4 24. Qc3 Qe2 25. a4 h6 26. b5 Qa2 27. Qb4 axb5 28. Qxb5 b6 29.
Qc6 Re7 30. Qa8+ Kh7 31. Qd8 Qe2 32. Ra1 Kg6 33. a5 bxa5 34. Rxa5 Qe1+ 35. Kh2 Qxa5 36. Qxe7 Qc5 37. Qe4+ Kf6 38. f4 Qf2 39. Kh1 g5 40.
fxg5+ hxg5 41. Qg4 Qf1+ 42. Kh2 Qf5 43. Qe2 Qf4+ 44. Kg1 Qd4+ 45. Kh2 Qf4+ 46. Kg1 Qd4+ 47. Kh2 Qe5+ 48. Qxe5+ Kxe5 49. Kg3 f5 50. h4 gxh4+ 51.
Kxh4 Kf4 52. Kh5 Kg3 53. Kg5 f4 54. Kf5 Kxg2 55. Kxf4 Kf2 56. Kf5 Ke3 57. Ke6 Kd4 58. Kd7 Kxc4 59. Kxc7 Kxd5 60. Kd7 Kc5 61. Ke6 d5 62.
Ke5 d4 63. Ke4 Kc4 64. Kf3 Kc3 65. Ke2 Kc2 66. Ke1 d3 67. Kf2 d2 68. Ke3 d1=Q 0-1

[Event "Early-Titled-Tuesday-Blitz-January-16-2024"]
[Site "Chess.com"]
[Date "2024.01.16"]
[Round "2"]
[White "Alexei_Gubajdullin"]
[Black "wonderfultime"]
[Result "1-0"]
[WhiteElo "2638"]
[BlackElo "2984"]
[TimeControl "180+1"]
[EndTime "8:19:16 PST"]
[Termination "Alexei_Gubajdullin won by resignation"]

1. d4 d5 2. Nf3 Nf6 3. Bf4 c5 4.
e3 Qb6 5. Nbd2 cxd4 6. exd4 Nc6 7. Nb3 Bg4 8. Be2 e6 9. O-O Be7 10. c3 O-O 11. Ne5 Bxe2 12. Qxe2 a5 13. Nc1 a4 14. a3 Rfe8 15. Ncd3 Qb5 16. Rae1 Nxe5 17. Bxe5 Nd7 18.
Bf4 Bf8 19. h4 Ra6 20. h5 h6 21. Qf3 Raa8 22. Re3 Qb6 23. Qg3 Kh7 24. Rf3 Qd8 25.
Bc7 Qe7 26. Re1 Nf6 27. Be5 Ne4 28. Qh2 f6 29. Bf4 Qf7 30. Bc1 Rac8 31. Rfe3 Kg8 32. Qh3 e5 33. dxe5 fxe5 34. Rf3 Qe6 35. Rf5 Bd6 36.
f3 Nc5 37. Nf4 Qd7 38. Nxd5 Rcd8 39. Rd1 e4 40. Qg4 Kh8 41. Qg6 exf3 42. Rf7 f2+ 43.
Kf1 Re1+ 44. Rxe1 fxe1=Q+ 45. Kxe1 Qe8+ 46. Kf1 Be5 47. Bxh6 Ne6 48. Bxg7+ Bxg7 49. h6 Qxf7+ 50. Qxf7 Rf8 51. hxg7+ 1-0

[Event "Early-Titled-Tuesday-Blitz-January-16-2024"]
[Site "Chess.com"]
[Date "2024.01.16"]
[Round "2"]
[White "santosalberto1987"]
[Black "Nikita_Klepikov"]
[Result "0-1"]
[WhiteElo "2525"]
[BlackElo "2331"]
[TimeControl "180+1"]
[EndTime "8:19:16 PST"]
[Termination "Nikita_Klepikov won on time"]

1. e4 c5 2. Nf3 Nc6 3. Nc3 g6 4. d4 cxd4 5. Nxd4 Bg7 6. Be3 Nf6 7. Bc4 O-O 8. Bb3 Re8 9. f3 e6 10. f4 d5 11. e5 Nd7 12. Qd2 Nxd4 13. Bxd4 b6 14.
O-O-O Nc5 15. g4 a5 16. a4 Bd7 17. Kb1 Qe7 18. f5 Nxb3 19. cxb3 Qb4 20. f6 Bf8 21. h4 h6 22. h5 g5 23. Be3 Bc6 24. Bxg5 hxg5 25. Qxg5+ Kh7 26. Qe3 Qxg4 27. Rhg1 Qf5+ 28. Ka2 Bh6 29. Qxb6 Rec8 30. Qd4 Rab8 31. Rg2 Rb4 32. Qa7 Rf8 33. Qxa5 Rb7 34. Qc5 Rc7 35. Qd6 Rcc8 36. Ne2 d4 37. Nxd4 Qxh5 38. Rgd2 Bd5 39. Rf2 Rb8 40.
Rff1 Rbd8 41. Qc7 Rc8 42. Qe7 Qh4 43. Rh1 Bxh1 44. Rxh1 Qxh1 45. Nxe6 Qh5 46. Nxf8+ Rxf8 47. a5 Qg4 48. Qc5 Qe6 49. Ka3 Rb8 50. b4 Bd2 51. b5 Bxa5 0-1

[Event "Early-Titled-Tuesday-Blitz-January-16-2024"]
[Site "Chess.com"]
[Date "2024.01.16"]
[Round "2"]
[White "TregubovP"]
[Black "LyonBeast"]
[Result "1/2-1/2"]
[WhiteElo "2675"]
[BlackElo "3135"]
[TimeControl "180+1"]
[EndTime "8:19:18 PST"]
[Termination "Game drawn by repetition"]

1. e4 c5 2. Nf3 d6 3. d4 cxd4 4. Qxd4 Nc6 5. Qd3 g6 6. Nc3 Bg7 7. Be2 Bg4 8. h3 Bxf3 9. Qxf3 Nf6 10. Qg3 O-O 11. O-O Rc8 12. Be3 Nb4 13. Bd3 Nd7 14.
Bd2 Nc5 15. Rad1 Qd7 16. a3 Nbxd3 17. cxd3 Na4 18. Nxa4 Qxa4 19. Bg5 Rfe8 20. Qh4 f6 21. Be3 Qb3 22. Qg4 e6 23. Rc1 f5 24. exf5 exf5 25. Qf3 Kh8 26. d4 a6 27. Rfd1 h5 28. Qg3 Qe6 29. Bf4 Rxc1 30. Rxc1 Bxd4 31. Bxd6 Bxb2 32. Rc7 b5 33. Qf4 Bg7 34. Kh2 Qxd6 35. Qxd6 Be5+ 36. Qxe5+ Rxe5 37. Rc6 a5 38. Rxg6 Kh7 39. Ra6 a4 40. Rb6 f4 41. h4 Rc5 42. g3 f3 43. g4 hxg4 44. Kg3 Kg7 45. Kxg4 Rc4+ 46. Kxf3 b4 47.
axb4 Rxh4 48. b5 Rb4 49. Ra6 Rxb5 50. Rxa4 Rb3+ 51. Kf4 Rb7 52. f3 Rb5 53. Kg4 Kg6 54.
f4 Kg7 55. Ra6 Kf7 56. Ra7+ Kf6 57. Ra6+ Kf7 58. Ra7+ Kf6 59. Ra6+ Kf7 1/2-1/2

[Event "Early-Titled-Tuesday-Blitz-January-16-2024"]
[Site "Chess.com"]
[Date "2024.01.16"]
[Round "2"]
[White "betta2004"]
[Black "Genghis_K"]
[Result "0-1"]
[WhiteElo "2568"]
[BlackElo "2849"]
[TimeControl "180+1"]
[EndTime "8:19:21 PST"]
[Termination "Genghis_K won by resignation"]

1. e4 c5 2. Nc3 Nc6 3. Bb5 Nd4 4.
Nf3 a6 5. Bd3 g6 6. O-O Bg7 7.
Nxd4 cxd4 8. Ne2 d5 9. c3 dxe4 10. Bxe4 Nf6 11. Bf3 dxc3 12. dxc3 Qc7 13. Bf4 e5 14. Bg3 O-O 15. Re1 Bf5 16. Qb3 Ne4 17. Bxe4 Bxe4 18. Nd4 Bd3 19. Nf3 Rfe8 20. Rad1 Bc4 21.
Qc2 f6 22. Nd2 Bf7 23. Ne4 h6 24. f3 f5 25. Nd2 Rad8 26. Nb3 a5 27. Bf2 b6 28.
Rxd8 Rxd8 29. Rd1 Rxd1+ 30. Qxd1 a4 31. Nc1 a3 32. Qc2 axb2 33. Qxb2 e4 34. fxe4 Bxc3 35. Qxb6 Qd7 36. Qa6 fxe4 37. Qe2 Qd2 38. Be3 Qd5 39. Bxh6 Bd4+ 40. Be3 Qc5 41. Kf2 Qf5+ 42. Kg1 Qc5 43. Kf2 Bc4 44. Qd2 Qf5+ 45. Kg3 Qe5+ 46. Bf4 e3 47.
Qb4 Qe6 48. Qb8+ Kh7 49. Qc7+ Bg7 50. Qa5 e2 51. Qe1 Bc3 52. Qxc3 e1=Q+ 53. Qxe1 Qxe1+ 54. Kg4 Qe6+ 55. Kg3 Qe1+ 56. Kg4 Be6+ 57. Kg5 Qa5+ 58.
Kh4 Qh5+ 59. Kg3 Qg4+ 60. Kf2 Qxf4+ 0-1

[Event "Early-Titled-Tuesday-Blitz-January-16-2024"]
[Site "Chess.com"]
[Date "2024.01.16"]
[Round "2"]
[White "JMCadavid1998"]
[Black "PepeCuenca"]
[Result "0-1"]
[WhiteElo "2184"]
[BlackElo "2690"]
[TimeControl "180+1"]
[EndTime "8:19:21 PST"]
[Termination "PepeCuenca won by checkmate"]

1. d4 Nf6 2. Nf3 g6 3. c4 Bg7 4. Nc3 O-O 5. e4 d6 6. Be2 Bg4 7. Be3 Nfd7 8. Rc1 e5 9. d5 a5 10.
b3 Na6 11. Nd2 Bxe2 12. Qxe2 f5 13. f3 Bf6 14. O-O Bg5 15. a3 Bxe3+ 16. Qxe3 f4 17. Qe2 g5 18. Rb1 h5 19. b4 b6 20. Nd1 Rf7 21. Nf2 Rg7 22. Rfc1 Qe8 23. Kh1 Qg6 24. Nd3 g4 25. Rg1 Kh8 26. g3 fxg3 27. Rxg3 Nf6 28. f4 Re8 29. fxe5 dxe5 30. Rf1 h4 31. Rgg1 g3 32. Rf5 Reg8 33. hxg3 hxg3 34. Kg2 Rh7 35.
Nxe5 Rh2+ 36. Kf1 Qxf5+ 37. exf5 Rxe2 38. Kxe2 Re8 39. Nf3 Nd7 40. Rh1+ Kg8 41. Rh4 Nxe5 42. Re4 g2 43. Kf2 Nxf3 44. Rxe8+ Kf7 45. Kxg2 Kxe8 46.
Kf2 axb4 47. axb4 Nd4 48. f6 Nxb4 49. Ke3 Nf5+ 50. Kf4 Nd6 51. Ke5 Kf7 52. Kd4 Na6 53. c5 Nxc5 54. Ke5 Nd7+ 55. Kf4 Nxf6 56. Ke3 Nxd5+ 57.
Kd4 Ne7 58. Kd3 Ke6 59. Kc3 c5 60. Kb3 b5 61. Kc3 Kd5 62. Kb2 Nc6 63. Kc2 b4 64.
Kb2 c4 65. Kc2 Kd4 66. Kb2 b3 67. Ka3 Kc3 68. Ka4 b2 69. Ka3 b1=Q 70. Ka4 Qb4# 0-1

[Event "Early-Titled-Tuesday-Blitz-January-16-2024"]
[Site "Chess.com"]
[Date "2024.01.16"]
[Round "2"]
[White "BursaBBSatranc"]
[Black "ilushka"]
[Result "1-0"]
[WhiteElo "2717"]
[BlackElo "2345"]
[TimeControl "180+1"]
[EndTime "8:19:22 PST"]
[Termination "BursaBBSatranc won by checkmate"]

1. d4 e6 2. Bf4 c5 3. e3 Nf6 4. c3 b6 5. Nd2 cxd4 6. exd4 Bb7 7. Ngf3 Be7 8. Bd3 O-O 9. Qe2 d6 10. O-O Nbd7 11. h3 Qc7 12. a4 a6 13. Nc4 Rfd8 14.
Rfe1 Bf8 15. Bh2 Bc6 16. Ne3 Qb7 17. Nc4 Qc7 18. Ncd2 g6 19. Bxa6 Nd5 20. Bb5 Bxb5 21. Qxb5 Ra5 22. Qb3 Rda8 23. Nc4 R5a6 24. Na3 Qc6 25.
Nb5 Nc7 26. c4 Ra5 27. Nxc7 Qxc7 28. Qc2 b5 29. b3 bxc4 30. bxc4 Nb6 31. c5 Rxa4 32.
Rxa4 Nxa4 33. Ra1 Qc6 34. Ng5 dxc5 35. Ne4 Bg7 36. Be5 Bxe5 37. dxe5 Nb6 38. Nf6+ Kg7 39. Rc1 Rc8 40. Qd2 h6 41. h4 Nd5 42. Ne4 c4 43. Nd6 Rc7 44. h5 c3 45. Qd3 g5 46.
Rc2 Nf4 47. Qg3 Qd5 48. Ne8+ Kf8 49. Nxc7 Qd1+ 50. Kh2 Qxc2 51. Qe3 Qd2 52. Qc5+ Kg7 53. Ne8+ Kh7 54. Nf6+ Kg7 55. Qc8 Ng6 56. Qg8# 1-0

[Event "Early-Titled-Tuesday-Blitz-January-16-2024"]
[Site "Chess.com"]
[Date "2024.01.16"]
[Round "2"]
[White "AlexandraSamaganova"]
[Black "Herzog2012"]
[Result "0-1"]
[WhiteElo "2304"]
[BlackElo "2541"]
[TimeControl "180+1"]
[EndTime "8:19:22 PST"]
[Termination "Herzog2012 won by resignation"]

1. c4 Nf6 2. Nc3 e5 3. Nf3 Nc6 4. a3 d5 5. cxd5 Nxd5 6. Qc2 Be7 7. e3 O-O 8. b4 a6 9. Bb2 Be6 10. Be2 Nxc3 11. Bxc3 Bd6 12. d4 exd4 13. Nxd4 Nxd4 14.
Bxd4 Bd5 15. O-O Qh4 16. g3 Qh3 17. e4 Bc6 18. Bf3 f5 19. Bg2 Qxg2+ 20. Kxg2 Bxe4+ 21. Qxe4 fxe4 22. Rfe1 Rae8 23. Re2 Rf3 24. Be3 Rf5 25. Rd1 a5 26. Rd4 axb4 27. axb4 Kf7 28. Bd2 Re6 29.
Rdxe4 Rxe4 30. Rxe4 Rd5 31. Be3 Rd3 32. Rc4 b5 33.
Rh4 h6 34. Kf1 Rc3 35. Bd2 Rc2 36. Ke1 Ke6 37. Re4+ Kd5 38. Rg4 Be5 39. Rg6 Bf6 40. Rg4 Rc4 41. Rxc4 Kxc4 42. h4 Bc3 43. Kd1 Bxd2 44.
Kxd2 Kxb4 45. f4 Kc5 46. Kc3 Kd5 47. Kb4 c6 48. g4 Ke4 49. f5 Ke5 50. Kc5 Kf4 51.
g5 Kxf5 52. gxh6 gxh6 53. h5 Kg5 54. Kxc6 b4 55. Kd6 b3 56. Ke7 b2 0-1

[Event "Early-Titled-Tuesday-Blitz-January-16-2024"]
[Site "Chess.com"]
[Date "2024.01.16"]
[Round "2"]
[White "shirovin"]
[Black "Zheenbekov86"]
[Result "0-1"]
[WhiteElo "1986"]
[BlackElo "2440"]
[TimeControl "180+1"]
[EndTime "8:19:22 PST"]
[Termination "Zheenbekov86 won on time"]

1. e4 c6 2. d4 d5 3. exd5 cxd5 4. Bd3 Nc6 5. c3 Nf6 6. Bf4 Bg4 7. Qb3 Qc8 8. Nd2 e6 9. Ngf3 Be7 10. O-O O-O 11.
Rfe1 a6 12. a4 Bh5 13. Ne5 Bg6 14. Nxg6 hxg6 15. Nf3 Na5 16. Qc2 Nc4 17. Ne5 b5 18. axb5 axb5 19. b3 Nd6 20. Nf3 Qb7 21. Qe2 Nfe4 22.
Bd2 Rfc8 23. Rxa8 Rxa8 24. Bb1 Qc7 25. Qd3 Ra1 26. Ne5 Bf6 27. f3 Nxd2 28. Qxd2 Bxe5 29.
dxe5 Qc5+ 30. Kh1 Nb7 31. Qb2 Qa3 32. Qxa3 Rxa3 33. Bc2 Na5 34. Rb1 Kf8 35. Kg1 Ke7 36. Kf1 Ra2 37. Rc1 g5 38. Ke1 f6 39. Kd1 fxe5 40. Rb1 Kd6 41. Bd3 Kc6 42. c4 dxc4 43. bxc4 bxc4 44. Bg6 Rxg2 45. Bf7 Kc5 46. Bxe6 Rg1+ 47.
Kc2 Rxb1 48. Kxb1 Kd4 49. Kc2 c3 0-1

[Event "Early-Titled-Tuesday-Blitz-January-16-2024"]
[Site "Chess.com"]
[Date "2024.01.16"]
[Round "2"]
[White "Lion-Al-Messi"]
[Black "igorkovalenko"]
[Result "0-1"]
[WhiteElo "2634"]
[BlackElo "3010"]
[TimeControl "180+1"]
[EndTime "8:19:23 PST"]
[Termination "igorkovalenko won on time"]

1. e4 d5 2. exd5 Qxd5 3. Nc3 Qa5 4. d4 Nf6 5. Nf3 c6 6. Bc4 Bf5 7. Bd2 Nbd7 8. Bb3 e6 9. Nh4 Bg4 10. f3 Qh5 11. g3 Bh3 12. Qe2 O-O-O 13. O-O-O Bd6 14.
Qf2 g5 15. Ng2 Bxg2 16. Qxg2 Qg6 17. Ne4 Nxe4 18. fxe4 Bc7 19. Rhf1 Rhe8 20. e5 c5 21. Be3 cxd4 22. Bxd4 Nxe5 23. Bxa7 g4 24. Be3 Nf3 25. Qe2 Qe4 26. Rd3 Rxd3 27. cxd3 Qe5 28. Qf2 Rd8 29.
Bf4 Qd4 30. Qc2 Rd7 31. Kb1 Qxd3 32. Qxd3 Rxd3 33. Rc1 Nd2+ 34. Kc2 Nxb3 35. axb3 Rd7 36. Rf1 Kd8 37. Bg5+ Ke8 38. Rf6 Rd5 39. Be3 h5 40.
Rh6 Rf5 41. Rh8+ Kd7 42. Rh7 Bd6 43. Bd4 b5 44. Kd3 Kc6 45. Rh8 Rf3+ 46. Ke2 Rxb3 47. Rxh5 f5 48. Rh8 Kd5 49. Bf6 e5 50. Rd8 Rxb2+ 51.
Kd3 Ke6 52. Bg7 Rxh2 53. Re8+ Kd5 54. Rd8 Ke6 55. Re8+ Kd7 56. Ra8 Rg2 57. Ra7+ Kc6 58. Ra6+ Kd5 59. Rb6 e4+ 60. Kc3 Rxg3+ 61. Kc2 Rg2+ 62.
Kb3 b4 0-1

[Event "Early-Titled-Tuesday-Blitz-January-16-2024"]
[Site "Chess.com"]
[Date "2024.01.16"]
[Round "2"]
[White "guillembaches"]
[Black "GrotBchess"]
[Result "1-0"]
[WhiteElo "2525"]
[BlackElo "2278"]
[TimeControl "180+1"]
[EndTime "8:19:23 PST"]
[Termination "guillembaches won by checkmate"]

1. d4 Nf6 2. Nf3 e6 3. Bg5 d5 4.
Nbd2 Be7 5. e3 O-O 6. Bd3 h6 7. Bh4 c5 8. c3 Nc6 9. Ne5 Nxe5 10. dxe5 Nd7 11. Bxe7 Qxe7 12. f4 f6 13. exf6 Nxf6 14. Nf3 Nd7 15. Bb5 Nf6 16. Ne5 a6 17. Bd3 Qe8 18. O-O Nd7 19. Bg6 Qe7 20. Nf3 Rf6 21.
Bc2 b6 22. Qd3 Nf8 23. Ne5 a5 24. Rf3 Ba6 25. Qd2 Nd7 26. Ng4 Rff8 27. Rg3 Kh8 28. Rh3 Kg8 29. Re1 Rad8 30. Qf2 e5 31. Qg3 Rf6 32. Nxf6+ Qxf6 33. Qg6 Qxg6 34. Bxg6 e4 35. Rd1 Nf6 36. Rd2 Kf8 37. Rg3 a4 38. a3 Bc4 39.
Bf5 Kf7 40. Bg6+ Kf8 41. Kf2 b5 42. Bf5 Kf7 43. Bg6+ Kf8 44. Rh3 Rb8 45. Rh4 b4 46.
axb4 cxb4 47. cxb4 Rxb4 48. g4 Rb3 49. g5 hxg5 50. fxg5 Nd7 51. Bxe4 dxe4 52. Rxd7 Rxb2+ 53. Kg3 Re2 54. Rh8+ Bg8 55. Rd8+ Kf7 56. Rhxg8 Rxe3+ 57. Kf4 Rb3 58. Rgf8+ Kg6 59. Rfe8 a3 60. Ra8 Rf3+ 61. Kxe4 Rb3 62. Kf4 Rb4+ 63. Re4 Rb3 64. Ra6+ Kh5 65. g6 Kh4 66. Kf5+ Kh3 67. Re7 Kxh2 68. Rxg7 Kg3 69.
Rga7 Kh4 70. Ra4+ Kh5 71. Rh7# 1-0

[Event "Early-Titled-Tuesday-Blitz-January-16-2024"]
[Site "Chess.com"]
[Date "2024.01.16"]
[Round "2"]
[White "marina1994"]
[Black "krzyzan94"]
[Result "0-1"]
[WhiteElo "2539"]
[BlackElo "2799"]
[TimeControl "180+1"]
[EndTime "8:19:25 PST"]
[Termination "krzyzan94 won on time"]

1. e4 e5 2. Nf3 Nc6 3. Bc4 Nf6 4. d3 h6 5. c3 d6 6. Bb3 g6 7. O-O Bg7 8. Re1 O-O 9. h3 Qe8 10. d4 Kh7 11. Bc2 Bd7 12. Be3 Qe7 13. Nbd2 Rae8 14. dxe5 dxe5 15. b4 b6 16. a4 a5 17. b5 Nb8 18. Nc4 Nh5 19. Qd2 Rd8 20. Qc1 Rfe8 21. Qa3 Qf6 22. Rad1 Nf4 23. Qc1 Nxh3+ 24.
Kf1 Nf4 25. Nfxe5 Nxg2 26. Kxg2 Rxe5 27. Nxe5 Qxe5 28. Bd4 Qh5 29. Qf4 Bh3+ 30. Kg1 Bg4 31. Rd3 Rd7 32. Bxg7 Rxd3 33. Bxd3 Bf3 34. Qxh6+ Qxh6 35. Bxh6 Kxh6 36. Re3 Bg4 37. Bc2 Nd7 38. f3 Be6 39.
Kf2 Nc5 40. Re1 Kg5 41. Ke3 Kf6 42. f4 Ke7 43. Kd4 Kd6 44. f5 gxf5 45. exf5 Bb3 46. Bxb3 Nxb3+ 47. Kc4 Nc5 48. f6 Nd7 49. Re7 Nxf6 50.
Rxf7 Ng4 51. Rh7 Ne5+ 52. Kd4 Nf3+ 53. Ke4 Nd2+ 54. Kd3 Nb3 55. Rh6+ Kd7 56. Rh7+ Kd6 57. Rh6+ Kd5 58. Rc6 Nc5+ 0-1

[Event "Early-Titled-Tuesday-Blitz-January-16-2024"]
[Site "Chess.com"]
[Date "2024.01.16"]
[Round "2"]
[White "mbojan"]
[Black "whitemirrorninja"]
[Result "1-0"]
[WhiteElo "2893"]
[BlackElo "2495"]
[TimeControl "180+1"]
[EndTime "8:19:26 PST"]
[Termination "mbojan won by checkmate"]

1. a3 g6 2. d4 d5 3. Nf3 Bg7 4. c4 dxc4 5. e3 c5 6. Bxc4 Nc6 7. d5 Ne5 8. Nxe5 Bxe5 9. O-O Bg7 10. Nc3 Nf6 11. e4 O-O 12. h3 a6 13. a4 Qa5 14. Qe2 b5 15. Bd3 c4 16. Bc2 b4 17.
Nd1 Qc7 18. Ne3 a5 19. Nxc4 Ba6 20. Bd3 Rfc8 21. Ne3 Bxd3 22. Qxd3 Nd7 23. d6 Qxd6 24. Qxd6 exd6 25. Nd5 Rc2 26. Rb1 b3 27. Ne3 Nc5 28.
Nxc2 bxc2 29. Ra1 Nb3 30. Ra2 Rc8 31. Re1 Rc4 32. f3 Bd4+ 33. Kf1 Nxc1 34. Rxc1 Be3 35. Raa1 Bxc1 36. Rxc1 g5 37. Ke2 Kf8 38. Kd3 Rxa4 39. Rxc2 Ke7 40. b3 Ra1 41. Kc4 Ke6 42. Kb5 Rb1 43. Rc3 Rb2 44. g3 Rg2 45. g4 Ra2 46. Rd3 f6 47. Rc3 h6 48. Rd3 Ra3 49. Kc4 Ra1 50. Kd4 a4 51. b4 a3 52. Rd2 a2 53.
Kd3 Rd1 54. Rxd1 Ke5 55. Ra1 Kf4 56. b5 Kxf3 57. b6 h5 58. b7 hxg4 59. hxg4 Kxg4 60. b8=Q f5 61. Qc8 d5 62. Qxf5+ Kg3 63. Rg1+ Kh2 64.
Qf2+ Kh3 65. Qg3# 1-0

[Event "Early-Titled-Tuesday-Blitz-January-16-2024"]
[Site "Chess.com"]
[Date "2024.01.16"]
[Round "2"]
[White "CaspiIsrael"]
[Black "RamonManon0g"]
[Result "0-1"]
[WhiteElo "2631"]
[BlackElo "2390"]
[TimeControl "180+1"]
[EndTime "8:19:27 PST"]
[Termination "RamonManon0g won by checkmate"]

1. e4 c5 2. Nf3 d6 3. d4 cxd4 4. Nxd4 Nf6 5. f3 a6 6. c4 e6 7. Nc3 Be7 8. Be3 Nc6 9. Be2 Bd7 10. O-O O-O 11. Qd2 Rc8 12. Rac1 Ne5 13. b3 Qc7 14. Rfd1 Rfd8 15. Bf1 Qb8 16. Qf2 h6 17. Kh1 Nfg4 18. fxg4 Nxg4 19. Qg1 Nxe3 20. Qxe3 Bg5 21. Qg3 Bxc1 22. Rxc1 b5 23. cxb5 axb5 24. Bxb5 Bxb5 25.
h3 Ba6 26. a4 Qb4 27. Qe3 Qa3 28. Rb1 Rc5 29. Ndb5 Bxb5 30. Nxb5 Qa2 31. Rd1 Rc2 32.
Qg3 Rd2 33. Rf1 d5 34. e5 Qc2 35. Nd6 Rd1 36. Rxd1 Qxd1+ 37. Kh2 d4 38. Qf4 Rf8 39.
b4 d3 40. b5 Qc2 41. Ne4 Rc8 42. a5 Ra8 43. a6 Qb3 44. Nd6 Rf8 45. a7 Qd5 46. b6 d2 47. b7 d1=Q 48. b8=Q Qh5 49.
Qb2 Qg6 50. Nb5 Qb7 51. Qe2 Qf5 52. Qxf5 exf5 53. Qf2 Qxb5 54. Qxf5 Qa5 55. Qf4 Qxa7 56. h4 Qe7 57. g3 Re8 58. Kh3 Qxe5 59. Qf3 Qe6+ 60.
Kh2 Qe2+ 61. Kh3 Qxf3 62. h5 Qxh5+ 63. Kg2 Re2+ 64. Kf1 Qf3+ 65. Kg1 Qg2# 0-1